 Dungeon Sprint DCSS version 0.16-a0-3761-g2321f2b (console) character file.

2382 Monkaria the Grappler (level 9, -13/98 HPs)
             Began as a Troll Fighter on Jan 24, 2015.
             Splashed by an oklob plant's acid (23 damage)
             ... in the Dungeon (Sprint I: "Red Sonja").
             The game lasted 00:02:12 (495 turns).

Monkaria the Grappler (Troll Fighter)                Turns: 495, Time: 00:02:13

Health: -13/98     AC: -4    Str: 29    XL:     9   Next: 22%
Magic:  4/4        EV:  9    Int:  4    God:
Gold:   629        SH: 12    Dex:  9    Spells: 0 memorised, 8 levels left

rFire  . . .     SeeInvis .       - Unarmed
rCold  . . .     Clarity  .     b - +0 robe
rNeg   . . .     SustAb   .     c - +0 shield
rPois  .         Gourm    +     (helmet restricted)
rElec  .         Spirit   .     (no cloak)
rCorr  .         Warding  .     (gloves unavailable)
rMut   .         NoTele   +     (boots unavailable)
MR     .....                    (no amulet)
Stlth  +.........               (no ring)
                                (no ring)

@: corroded equipment, not resistant to hostile enchantments, very unstealthy
A: unfitting armour, claws 3, fast metabolism 3, gourmand, regeneration 2,
shaggy fur 1, tough skin 2
a: no special abilities


You were in the Dungeon.
You were not hungry.

You visited 1 branch You collected 629 gold pieces.

Inventory:

Missiles
 i - 7 tomahawks of returning
 m - 4 large rocks (quivered)
Armour
 b - a +0 robe (worn)
 c - a +0 shield (worn)
Magical devices
 l - a wand of frost (25)
Scrolls
 j - a scroll of blinking
Potions
 d - a potion of curing
 e - 2 potions of might
 f - 2 potions of heal wounds
 g - a potion of haste
 h - 2 potions of magic
Comestibles
 a - 2 meat rations
 k - a bread ration


   Skills:
 - Level 9.0 Fighting
 + Level 2.4 Armour
 - Level 9.8 Shields
 - Level 14.3 Unarmed Combat


You had 8 spell levels left.
You didn't know any spells.

Dungeon Overview and Level Annotations

Branches:
Dungeon (1/1)

Altars:
Cheibriados
Dithmenos
Elyvilon
Fedhas
Gozag
Kikubaaqudgha
Makhleb
Nemelex Xobeh
Okawaru
Qazlal
Ru
Sif Muna
Trog
Vehumet
Xom
Yredelemnul
Zin
The Shining One
Jiyva

Shops:
D [[

Annotations:
D exclusion: oklob plant


Innate Abilities, Weirdness & Mutations

You are too large for most types of armour.
You have claws for hands.
Your metabolism is lightning-fast.
You like to eat raw meat.
You heal very quickly.
You are covered in fur (AC +1).
You have very tough skin (AC +2).


Message History

Unknown command.
The oklob plant spits acid at you. The splash of acid hits you!
The acid corrodes your equipment!
The acid burns!
There is an open door here.
You mangle the oklob plant!!
The oklob plant is heavily damaged.
The oklob plant spits acid at you. The splash of acid hits you!
The acid corrodes your equipment!
The acid burns!
* * * LOW HITPOINT WARNING * * *
You claw the oklob plant!
The oklob plant is severely damaged.
You completely miss the oklob plant.
The oklob plant is heavily damaged.
You claw the oklob plant!
The oklob plant is almost destroyed.
The oklob plant spits acid at you. The splash of acid hits you!
* * * LOW HITPOINT WARNING * * *
The acid corrodes your equipment!
The acid burns!
You die...

###############
).#..'..#__#..+
..').#..'..'..#
#'#####'#__####
..#...#.####..####
###..##§#≈≈§§§#..#
__##'#.§§)§§§§§†.#
...'...§#§§§..#..#
._##_.#'##§#####@#
__###+#.#§.[)###P+
### ####§###(###
+.....'.∩#
##########


You could see an oklob plant.

Vanquished Creatures
  2 centaur warriors (D)
  A deep troll (D)
  A slime creature (D)
  A yak (D)
  A wasp (D)
  An ogre (D)
  Sigmund (D)
  A jelly (D)
  Ijyb (D)
10 creatures vanquished.

Vanquished Creatures (others)
  A gargoyle (D)
1 creature vanquished.

Grand Total: 11 creatures vanquished

Notes
Turn   | Place    | Note
--------------------------------------------------------------
     0 | D        | Monkaria, the Troll Fighter, began the quest for the Orb.
     0 | D        | Reached XP level 1. HP: 22/22 MP: 1/1
     2 | D        | Noticed Ijyb
    13 | D        | Killed Ijyb
    13 | D        | Reached skill level 5 in Unarmed Combat
    13 | D        | Reached XP level 2. HP: 21/29 MP: 1/1
    17 | D        | Noticed an ogre
    21 | D        | Killed an ogre
    21 | D        | Reached skill level 9 in Unarmed Combat
    21 | D        | Reached XP level 3. HP: 31/36 MP: 2/2
    21 | D        | Reached XP level 4. HP: 37/44 MP: 2/2
    34 | D        | Noticed Sigmund
    40 | D        | Killed Sigmund
    40 | D        | Reached skill level 10 in Unarmed Combat
    40 | D        | Reached XP level 5. HP: 42/50 MP: 2/2
    75 | D        | Found a deep blue altar of Sif Muna.
    76 | D        | Noticed a jelly
    77 | D        | Found a radiant altar of Vehumet.
    81 | D        | Killed a jelly
    81 | D        | Reached skill level 11 in Unarmed Combat
   105 | D        | Found Piun's Antique Armour Emporium.
   105 | D        | Found a white marble altar of Elyvilon.
   105 | D        | Found a stormy altar of Qazlal.
   105 | D        | Found a basalt altar of Yredelemnul.
   105 | D        | Found an iron altar of Okawaru.
   105 | D        | Found a sparkling altar of Nemelex Xobeh.
   105 | D        | Found a shimmering altar of Xom.
   105 | D        | Found an ancient bone altar of Kikubaaqudgha.
   105 | D        | Noticed a yak
   107 | D        | Killed a yak
   107 | D        | Reached skill level 13 in Unarmed Combat
   107 | D        | Reached XP level 6. HP: 59/59 MP: 3/3
   108 | D        | Found a burning altar of Makhleb.
   108 | D        | Found a sacrificial altar of Ru.
   108 | D        | Found a glowing golden altar of the Shining One.
   108 | D        | Found an opulent altar of Gozag.
   108 | D        | Found a glowing silver altar of Zin.
   109 | D        | Found a bloodstained altar of Trog.
   123 | D        | Found a viscous altar of Jiyva.
   123 | D        | Found a blossoming altar of Fedhas.
   123 | D        | Noticed a slime creature
   124 | D        | Found a snail-covered altar of Cheibriados.
   124 | D        | Found a shadowy altar of Dithmenos.
   128 | D        | Killed a slime creature
   128 | D        | Reached skill level 14 in Unarmed Combat
   167 | D        | Killed a gargoyle
   201 | D        | Noticed a centaur warrior
   202 | D        | Noticed a centaur warrior
   204 | D        | Killed a centaur warrior
   204 | D        | Reached XP level 7. HP: 58/83 MP: 3/3
   204 | D        | Reached XP level 8. HP: 64/92 MP: 3/3
   208 | D        | Killed a centaur warrior
   341 | D        | Noticed a wasp
   343 | D        | Killed a wasp
   379 | D        | Noticed a deep troll
   383 | D        | Killed a deep troll
   383 | D        | Reached XP level 9. HP: 44/98 MP: 4/4
   467 | D        | Found Geshev's Armour Emporium.
   490 | D        | Noticed an oklob plant
   495 | D        | Splashed by an oklob plant's acid

Action                   |  1- 3 |  4- 6 |  7- 9 || total
-------------------------+-------+-------+-------++-------
Melee: Unarmed           |    14 |    15 |    12 ||    41
  Use: Potion            |       |     1 |       ||     1
  Eat: Chunk             |       |     2 |       ||     2
